 Dungeon Crawl Stone Soup version 0.28.0-53-g5a82cb258f (webtiles) character file.

Game seed: 503329182542795753

1138 Peloso the Slasher (level 8, -2/70 HPs)
             Began as a Minotaur Fighter on Aug 17, 2022.
             Engulfed by a steam dragon's steam (5 damage)
             ... on level 6 of the Dungeon.
             The game lasted 00:09:25 (5260 turns).

Peloso the Slasher (Minotaur Fighter)               Turns: 5260, Time: 00:09:26

Health: -2/70      AC:  9    Str: 22    XL:     8   Next: 14%
Magic:  7/7        EV: 10    Int:  5    God:
Gold:   241        SH:  5    Dex: 11    Spells: 7/7 levels left

rFire   . . .      SeeInvis .   a - +0 long sword (flame)
rCold   . . .      Faith    .   c - +0 buckler
rNeg    . . .      Spirit   .   b - +0 scale mail
rPois   .          Reflect  .   (helmet restricted)
rElec   .          Harm     .   (no cloak)
rCorr   .          Rampage  .   i - +0 pair of gloves
Will    +....                   (no boots)
Stlth   ..........              (no amulet)
HPRegen 0.21/turn               f - ring of willpower
MPRegen 0.10/turn               (no ring)

@: no status effects
A: horns 2, retaliatory headbutt
a: no special abilities


You were on level 6 of the Dungeon.
You visited 1 branch of the dungeon, and saw 6 of its levels.

You collected 241 gold pieces.

Inventory:

Hand Weapons
 a - a +0 long sword of flaming (weapon)
Armour
 b - a +0 scale mail (worn)
 c - a +0 buckler (worn)
 i - a +0 pair of gloves (worn)
Jewellery
 f - a ring of willpower (left hand)
 p - a ring of magical power
 q - a ring of protection from cold
Scrolls
 g - 2 scrolls of magic mapping
 h - 2 scrolls of teleportation
 o - a scroll of fog {unknown}
Potions
 d - a potion of might
 j - a potion of resistance
 k - 2 potions of curing
 l - 2 potions of mutation {unknown}
 m - a potion of brilliance {unknown}
 n - a potion of invisibility {unknown}
 r - a potion of degeneration {unknown}


   Skills:
 + Level 6.0 Fighting
 + Level 7.8 Long Blades
 + Level 6.3 Armour
 + Level 2.9 Dodging
 + Level 0.6 Stealth
 + Level 5.0 Shields


You had 7 spell levels left.
You didn't know any spells.
Your spell library contained the following spells:

 Spells                   Type           Power      Damage    Failure   Level
 Freeze                   Ice            0%         1d3       86%         1
 Frozen Ramparts          Ice            0%         1d2       99%         3
 Hailstorm                Conj/Ice       0%         3d3       100%        4


Dungeon Overview and Level Annotations

Branches:
Dungeon (6/15)
 Temple: D:4-7

Altars:
Ru

Shops:
D:1 *[(?(


Innate Abilities, Weirdness & Mutations

You have a pair of horns on your head.
You reflexively headbutt those who attack you in melee.


Message History

You barely miss the steam dragon. Your headbutt misses the steam dragon.
The steam dragon is heavily wounded.
You are engulfed in a cloud of scalding steam.
* * * LOW HITPOINT WARNING * * *
The steam dragon bites you.
* * * LOW HITPOINT WARNING * * *
The steam dragon claws you.
* * * LOW HITPOINT WARNING * * *
You feel much better.
You are engulfed in a cloud of scalding steam.
The steam dragon bites you!
* * * LOW HITPOINT WARNING * * *
The steam dragon claws you.
* * * LOW HITPOINT WARNING * * *
Unknown command.
You hit the steam dragon. You burn the steam dragon.
Your headbutt misses the steam dragon.
The steam dragon is severely wounded.
The steam dragon bites you but does no damage.
The steam dragon claws you but does no damage.
You hit the steam dragon but do no damage.
You headbutt the steam dragon, but do no damage.
The steam dragon is severely wounded.
You block the steam dragon's attack.
The steam dragon claws you but does no damage.
You hit the steam dragon but do no damage.
Your headbutt misses the steam dragon.
The steam dragon is severely wounded.
The steam dragon breathes steam at you. The ball of steam misses you.
You closely miss the steam dragon. You headbutt the steam dragon.
The steam dragon is almost dead.
You are engulfed in a cloud of scalding steam.
* * * LOW HITPOINT WARNING * * *
The steam dragon barely misses you.
The steam dragon claws you but does no damage.
You completely miss the steam dragon.
The steam dragon is almost dead.
You are engulfed in a cloud of scalding steam.
You die...

... ... #
#.#.# .#
#.#.##.#
#.#....#
#.#....#
#.#....# #
#.#<##.#[#.
#..#§#@§......
#....D########
#>....§......
#....$.######
#......#
.....<..#
.....#+#.#
..... .# ###..
.#


You could see a steam dragon (catching breath).

Vanquished Creatures
  2 necrophages
  A centaur (D:5)
  2 ogres
  2 scorpions
  2 hounds
  A jelly (D:3)
  2 orc priests (D:3)
  3 iguanas
  Terence (D:3)
  2 orc wizards (D:3)
  A killer bee zombie (D:5)
  11 adders
  6 gnolls
  2 adder skeletons (D:4)
  An adder zombie (D:5)
  2 worms
  4 dart slugs
  13 orcs
  8 ball pythons
  6 bats
  5 endoplasms
  3 giant cockroaches
  13 hobgoblins
  2 jackals (D:4)
  3 quokkas
  3 frilled lizards
  13 goblins
  14 kobolds
  5 rats
  A spectral hobgoblin (D:1)
134 creatures vanquished.

Notes
Turn   | Place    | Note
-------+----------+-------------------------------------------
     0 | D:1      | Peloso the Minotaur Fighter began the quest for the Orb.
     0 | D:1      | Reached XP level 1. HP: 19/19 MP: 0/0
   264 | D:1      | Reached XP level 2. HP: 27/27 MP: 1/1
   378 | D:1      | Found Pomon's General Store.
   390 | D:1      | Found Obbinuc's Armour Shop.
   394 | D:1      | Found Vubicefo's Antique Weapon Emporium.
   471 | D:1      | Found Poetz's Magic Scroll Boutique.
   487 | D:1      | Reached XP level 3. HP: 30/33 MP: 2/2
   528 | D:1      | Found Ystunomi's Weapon Shop.
   578 | D:1      | Found a faded altar of an unknown god.
   974 | D:2      | Found a sacrificial altar of Ru.
   982 | D:2      | Reached skill level 3 in Long Blades
  1139 | D:2      | Reached XP level 4. HP: 38/40 MP: 3/3
  1907 | D:3      | Reached skill level 4 in Long Blades
  1917 | D:3      | Reached XP level 5. HP: 13/47 MP: 4/4
  1959 | D:3      | Reached skill level 1 in Dodging
  2133 | D:3      | Noticed Terence
  2142 | D:3      | Reached skill level 5 in Long Blades
  2145 | D:3      | Reached XP level 6. HP: 42/55 MP: 5/5
  2152 | D:3      | Killed Terence
  2936 | D:3      | Reached skill level 5 in Fighting
  2941 | D:3      | Reached skill level 5 in Armour
  3510 | D:4      | Reached skill level 6 in Long Blades
  3528 | D:4      | Reached XP level 7. HP: 34/61 MP: 6/6
  4231 | D:5      | Entered Level 5 of the Dungeon
  4726 | D:5      | Reached skill level 7 in Long Blades
  4889 | D:5      | Reached skill level 5 in Shields
  4889 | D:5      | Reached XP level 8. HP: 26/70 MP: 7/7
  5259 | D:6      | HP: 3/70 [steam dragon] (8)]
  5260 | D:6      | Engulfed by a steam dragon's steam

Illustrated notes

Levels and vault maps discovered:
D:1:      erik_arrival_cave_to_civilisation [erik_arrival_cave_to_hall],
          layout_rooms, serial_shops, nicolae_shop_crystal, nicolae_square_shop,
          nicolae_shop_temple_entry_statues_fountains, shop,
          nicolae_shop_temple_entry_statues_fountains,
          dreamdust_ecumenical_altar_drowned_temple,
          chequers_serial_rivers_marsh
D:2:      layout_rooms, basic_altar, st_stairs_9
D:3:      cheibrodos_pilgrimage, layout_loops_cross, uniq_terence
D:4:      layout_rooms
D:5:      layout_rooms, minmay_ogre_servants
D:6:      layout_basic, minmay_temple_entry_statues_pillars, ebering_ghost_xom,
          uniq_prince_ribbit1

Skill      XL: |  1  2  3  4  5  6  7  8 |
---------------+-------------------------+-----
Shields        | 4 5 |  5.0
Fighting       | 4 5 6 |  6.0
Armour         | 4 5 6 |  6.3
Long Blades    | 3 4 5 6 7 |  7.8
Dodging        | 1 2 |  2.9
Stealth        | |  0.6

Action                   |  1- 3 |  4- 6 |  7- 9 || total
-------------------------+-------+-------+-------++-------
Melee: Long sword        |    84 |   172 |    96 ||   352
       Headbutt          |    18 |    30 |    27 ||    75
  Use: Scroll            |     2 |     6 |     1 ||     9
       Potion            |       |     2 |     1 ||     3
Armor: Scale mail        |    47 |    94 |    36 ||   177
Dodge: Dodged            |    41 |    92 |    46 ||   179
Block: Buckler           |    15 |    58 |    17 ||    90
